 Dungeon Crawl Stone Soup version 0.13.0-21-ge43020b (webtiles) character file.

639930 MackTheKnife the Metallomancer (level 27, -4/242 (244) HPs)
             Began as a Naga Wizard on Oct 26, 2013.
             Was the Champion of Vehumet.
             Slain by a large abomination (26 damage)
             ... led by Reatafee
             ... on Level 26 of the Dungeon.
             The game lasted 07:04:22 (110469 turns).

MackTheKnife the Metallomancer (Naga Wizard)      Turns: 110469, Time: 07:04:22

HP  -4/242 (244) AC 26     Str 11      XL: 27
MP  11/52        EV 16     Int 32      God: Vehumet [******]
Gold 3904        SH  0     Dex 16      Spells: 12 memorised,  2 levels left

Res.Fire  : + + .   See Invis. : +   a - +3,+1 Elemental Staff {protect, Hunger Noisy rF++ rC++ MR++}
Res.Cold  : + + .   Warding    : +   W - +1 robe {Archmagi}
Life Prot.: + + .   Conserve   : +   (no shield)
Res.Poison: +       Res.Corr.  : +   f - +0 wizard hat {Int+3}
Res.Elec. : +       Clarity    : .   o - +0 cloak {rCorr, Cons}
Sust.Abil.: . .     Spirit.Shd : .   p - +0 pair of gloves {Dex+3}
Res.Mut.  : .       Stasis     : .   y - +4 naga barding {Fly}
Res.Rott. : .       Flight     : .   m - amulet of warding
Saprovore : . . .                    q - ring of magical power
                                     s - ring of Bodily Harmony {rElec rN+ Dex+2 Dam+7}

@: slightly contaminated, glowing, slow, incredibly resistant to hostile
enchantments, extremely unstealthy
A: spit poison, constrict 1, see invisible, deformed body, poison resistance,
slowness 2, AC +9
a: Spit Poison, Renounce Religion, Evoke Flight
}: 3/15 runes: barnacled, silver, gossamer


You were on level 26 of the Dungeon.
You worshipped Vehumet.
Vehumet was exalted by your worship.
You were hungry.

You visited 9 branches of the dungeon, and saw 63 of its levels.
You also visited: Labyrinth, Sewer and Volcano.

You collected 7684 gold pieces.
You spent 3800 gold pieces at shops.

Inventory:

Hand weapons
 a - the +3,+1 Elemental Staff (weapon) {protect, Hunger Noisy rF++ rC++ MR++}
   (You bought it in a shop on level 4 of the Orcish Mines)

   It protects the one who wields it against injury (+5 to AC).
   It greatly protects you from fire.
   It greatly protects you from cold.
   It affects your resistance to hostile enchantments.
   It makes noises.
   It speeds your metabolism.
Armour
 f - a +0 wizard hat of intelligence (worn)
 o - a +0 cloak of preservation (worn)
 p - a +0 pair of gloves of dexterity (worn)
 y - a +4 naga barding of flying (worn)
 D - a +3 dwarven buckler
 W - a +1 robe of the Archmagi (worn)
Magical devices
 d - a wand of disintegration (5)
 g - a wand of hasting (5)
 H - a wand of heal wounds (7)
 J - a wand of digging (12)
 N - a wand of digging (12)
Comestibles
 b - 2 apples
 j - 4 bread rations
 l - a meat ration
 E - a snozzcumber
 F - 4 pears
Scrolls
 x - a scroll of amnesia
Jewellery
 e - the ring "Ubohos" {rC+ Str-2 Int+4}
   (You found it on level 3 of the Elven Halls)

   [ring of protection from cold]

   It affects your strength (-2).
   It affects your intelligence (+4).
 m - an amulet of warding (around neck)
 q - a ring of magical power (right hand)
 r - an uncursed ring of protection from magic
 s - the ring of Bodily Harmony (left hand) {rElec rN+ Dex+2 Dam+7}
   (You found it on level 3 of the Elven Halls)

   [ring of slaying]

   It affects your damage-dealing abilities (+7).
   It affects your dexterity (+2).
   It insulates you from electricity.
   It protects you from negative energy.
 z - an uncursed amulet of conservation
 Q - an uncursed amulet of the gourmand
Potions
 h - 5 potions of brilliance
 i - 4 potions of speed
 n - 8 potions of restore abilities
 u - a potion of porridge
 A - 3 potions of might
 B - 12 potions of curing
 C - 3 potions of resistance
 G - 3 potions of agility
 M - 2 potions of magic
 S - 6 potions of heal wounds
Magical staves
 c - an uncursed staff of fire
Orbs of Power
 k - the Orb of Zot (quivered)


   Skills:
 - Level 15.0 Fighting
 - Level 12.1 Dodging
 - Level 3.0 Stealth
   Level 5.0 Shields
 - Level 17.0 Spellcasting
 - Level 24.0 Conjurations
 - Level 12.0 Charms
   Level 3.4 Summonings
 - Level 1.0 Translocations
 - Level 16.4 Fire Magic
 + Level 25.0 Earth Magic
   Level 4.2 Poison Magic


You had 2 spell levels left.
You knew the following spells:

 Your Spells              Type           Power        Failure   Level  Hunger
a - Bolt of Magma         Conj/Fire/Erth ########..   0%          5    None
b - Fireball              Conj/Fire      ########..   0%          5    None
c - Lehudib's Crystal Sp  Conj/Erth      ########..   1%          8    ######.
d - Shatter               Erth           ########..   2%          9    #######
e - Bolt of Fire          Conj/Fire      ########..   1%          6    #......
f - Swiftness             Chrm/Air       #######...   1%          2    None
g - Haste                 Chrm           ########     1%          6    #......
h - Orb of Destruction    Conj           ########..   1%          7    ####...
i - Control Teleport      Chrm/Tloc      #######...   1%          4    None
j - Repel Missiles        Chrm/Air       #######...   1%          2    None
k - Delayed Fireball      Conj/Fire      N/A          1%          7    ####...
p - Blink                 Tloc           N/A          1%          2    None


Dungeon Overview and Level Annotations

Branches:
Dungeon (27/27)            Temple (1/1) D:6             Orc (4/4) D:6
    Elf (3/3) Orc:4          Lair (8/8) D:8          Shoals (5/5) Lair:5
 Spider (5/5) Lair:4        Slime (0/6) Lair:8       Vaults (5/5) D:17
  Blade (0/1) Vaults:4      Crypt (0/5) Vaults:3        Zot (5/5) D:27

Altars:
Cheibriados
Elyvilon
Fedhas
Nemelex Xobeh
Okawaru
Vehumet
Yredelemnul
Zin
the Shining One
Beogh

Shops:
D:5 *   D:8 +   D:9 (   D:11 ?   D:15 *   D:25 (   Orc:2 /   Orc:4 [(=*
Shoals:4 /

Portals:
Hell: D:21 D:22 D:23 D:24 D:25 D:26 D:27
Abyss: D:21 D:22 D:24 D:25 D:27
Pandemonium: D:23 D:24

Annotations:
D:2 exclusion: door
D:4 Dowan; Duvessa; Eustachio; pictorio's ghost, average TrMo
D:9 exclusion: 2 doors
Orc:1 Erolcha
Orc:2 exclusion: 2 upstairs
Lair:4 Rupert
Lair:7 exclusion: oklob plant
Shoals:1 exclusion: oklob plant
Shoals:3 Mara
Shoals:4 exclusion: oklob plant
Shoals:5 Ilsuiw
Spider:5 2 exclusions, Agnes; Jory; Xtahua
Vaults:2 exclusion: Roxanne, Roxanne


Innate Abilities, Weirdness & Mutations

You cannot wear boots.
You can spit poison.
You can use your snake-like lower body to constrict enemies.
Your serpentine skin is tough (AC +9).
You have supernaturally acute eyesight.
Armour fits poorly on your strangely shaped body.
Your system is resistant to poisons.
You cover ground very slowly.


Message History

The blue devil barely misses you. The deep troll earth mage bites you!
* * * LOW HITPOINT WARNING * * *
The deep troll earth mage claws you but does no damage.
The large abomination barely misses you.
Evoke which item? (* to show all) (? for menu, Esc to quit)
Zapping:
H - a wand of heal wounds (8)
Press: ? - help, Shift-Dir - straight line, f - you You feel much better.
This wand has 7 charges left.
The blue devil barely misses you. The large abomination hits you!
* * * LOW HITPOINT WARNING * * *
The deep troll earth mage barely misses you.
The deep troll earth mage claws you but does no damage.
Read which item? (? for menu, Esc to quit)
Okay, then.
Casting: Haste
Confirm with . or Enter, or press ? or * to list all spells.
You feel a surge of power!
You feel quick. The blue devil misses you. The large abomination hits you!
You die...

##### #...# #######
#...# #.....#
######...#######.....#
#....................#
#...>........###@X...#
#............###T4...#
.............>..(.>..#
#.....###....###.....#
.....>........((....##
#.....###....##(##.##
###.### #.§..##.##.#
###.#####§...##.##.#
.............##.##.#


You could see a deep troll earth mage, a large abomination and a blue devil.

Vanquished Creatures
  3 orbs of fire
  8 ancient liches (Zot:5)
  Saint Roka (Vaults:2)
  Boris (thrice) (Spider:5 Vaults:2 Vaults:4)
  Sojobo (D:23)
  Norris (Shoals:4)
  3 Killer Klowns (Zot:5)
  A curse toe (Zot:1)
  2 electric golems (Zot:5)
  A pandemonium lord (D:27)
  5 golden dragons
  Frederick (D:24)
  5 bone dragons
  Arachne (Spider:3)
  3 liches
  12 tentacled monstrosities
  23 Orb Guardians
  3 deep elf blademasters
  5 titans
  4 deep elf master archers (Elf:3)
  A quicksilver dragon (D:26)
  6 sphinxes
  Polyphemus (Shoals:5)
  2 krakens
  13 storm dragons
  2 Executioners (Zot:5)
  5 shadow dragons
  6 draconian monks
  2 draconian knights
  6 tengu reavers
  16 vault wardens
  9 fire giants
  8 draconian scorchers
  Donald (Elf:2)
  10 frost giants
  Wiglaf (Elf:2)
  2 deep elf sorcerers
  Aizul (D:16)
  5 ghost moths
  Louise (Shoals:4)
  10 draconian zealots
  4 emperor scorpions
  Jorgrun (D:19)
  10 draconian annihilators
  52 stone giants
  6 draconian shifters
  9 grey draconians
  2 draconian callers (Zot:4)
  11 green draconians
  5 pale draconians
  6 red draconians
  Azrael (Vaults:2)
  6 black draconians
  9 white draconians
  8 mottled draconians
  11 yellow draconians
  7 deep elf demonologists (Elf:3)
  3 merfolk javelineers (Shoals:5)
  8 deep elf annihilators
  10 purple draconians
  2 spriggan air magi (D:22)
  A minotaur (Lab)
  Snorg (Spider:4)
  5 merfolk impalers
  43 vault guards
  8 deep elf death magi
  37 yaktaur captains
  9 deep elf high priests (Elf:3)
  2 sirens
  12 ettins
  4 death cobs
  20 dragons
  3 dancing weapons
  2 merfolk aquamancers (Shoals:5)
  Fannar (Spider:1)
  A great orb of eyes (D:23)
  13 ice dragons
  A ravenous feature mimic (Vaults:4)
  Harold (D:10)
  Josephine (D:12)
  An ice dragon (shapeshifter) (D:27)
  10 ironheart preservers
  16 hydras
  Erica (Lair:5)
  An alligator snapping turtle (shapeshifter) (Vaults:5)
  21 ogre magi
  6 deep troll earth magi
  5 rakshasas (D:22)
  12 deep troll shamans
  A deep dwarf death knight (Vaults:3)
  13 death yaks
  3 very ugly things
  Urug (D:11)
  2 soul eaters
  2 sun demons
  5 catoblepae
  A hell knight (D:22)
  30 centaur warriors
  11 iron trolls
  5 orc high priests
  15 deep elf knights
  3 fire crabs
  A death drake (Zot:4)
  2 skeletal warriors (D:18)
  3 storm dragon skeletons
  3 flayed ghosts
  An elf (shapeshifter) (D:26)
  34 deep trolls
  2 unseen horrors (shapeshifter)
  9 unseen horrors
  9 giant amoebae
  3 swamp dragons (shapeshifter)
  20 hill giants
  16 sea snakes
  23 harpies
  26 orc knights
  A crystal golem (D:21)
  A hill giant (shapeshifter) (D:26)
  5 red wasps
  Joseph (D:12)
  12 deep elf conjurers
  13 ironbrand convokers
  10 orc sorcerers
  3 necromancers
  2 wizards
  A wolf spider (shapeshifter) (D:22)
  A griffon (shapeshifter) (D:26)
  30 moths of wrath
  A red wasp (shapeshifter) (Vaults:1)
  18 griffons
  3 draconian zombies
  2 frost giant zombies
  2 shadow dragon skeletons
  2 phantasmal warriors
  An elephant (shapeshifter) (Vaults:5)
  4 stone giant zombies
  A sphinx skeleton (Vaults:1)
  47 wolf spiders
  18 cyclopes
  8 vault sentinels
  2 sixfirhies
  13 stone giant skeletons
  4 frost giant skeletons
  9 elephants
  7 black mambas
  4 deep elf summoners
  A guardian serpent (shapeshifter) (D:17)
  2 orange demons
  An eye of devastation (D:19)
  8 spiny worms
  A spiny frog (shapeshifter) (D:18)
  An efreet (D:22)
  A queen ant (Lair:2)
  A red draconian zombie (Zot:4)
  11 spiny frogs
  2 feature mimics
  A yaktaur (shapeshifter) (D:26)
  A green draconian zombie (Zot:5)
  12 mermaids
  A redback zombie (Spider:5)
  A draconian (shapeshifter) (D:15)
  16 orb spiders
  A fire drake (Zot:4)
  A white draconian zombie (Zot:5)
  11 demonic crawlers
  2 trolls
  55 yaktaurs
  3 naga magi
  A queen bee (Orc:2)
  3 wandering mushrooms
  2 hydra zombies
  27 jumping spiders
  A wolf spider simulacrum (D:22)
  Sonja (Orc:4)
  12 deep elf priests
  19 blink frogs
  11 komodo dragons
  A blue devil (D:27)
  2 queen bees (shapeshifter)
  3 trapdoor spider zombies
  3 iron troll skeletons
  14 snapping turtles
  A wind drake (Zot:4)
  40 two-headed ogres
  A hydra skeleton (D:15)
  A tarantella zombie (Spider:5)
  A catoblepas skeleton (D:12)
  3 basilisks
  75 slime creatures
  11 boulder beetles
  2 air elementals (D:23)
  2 ettin zombies (Vaults:3)
  2 grizzly bears (shapeshifter)
  2 flying skulls (Volcano)
  3 shadows
  29 tarantellas
  3 vampires
  7 ettin skeletons
  42 trapdoor spiders
  100 ugly things
  27 redbacks
  2 griffon skeletons
  35 yaks
  2 yaks (shapeshifter)
  A hog (shapeshifter) (Vaults:4)
  A tarantella (shapeshifter) (D:23)
  28 merfolk
  11 water elementals
  30 deep elf magi
  10 sharks
  A spiny worm zombie (D:15)
  5 wyverns
  5 chaos spawn
  5 wraiths
  A hungry ghost (D:12)
  Grum (D:12)
  2 steam dragons
  A harpy simulacrum (D:22)
  A fire elemental (D:22)
  A hill giant skeleton (D:14)
  A necrophage (D:12)
  36 vampire mosquitoes
  A soldier ant (shapeshifter) (Vaults:5)
  19 deep elf fighters
  20 hippogriffs
  A merfolk (shapeshifter) (D:26)
  A rock worm (Spider:1)
  13 manticores
  8 wolves
  3 swamp worms (Lair:5)
  4 hell hounds
  2 mottled dragons
  8 soldier ants
  4 deep troll skeletons
  5 freezing wraiths
  2 ice beasts
  90 ogres
  A kobold demonologist (D:19)
  3 small abominations (D:21)
  A yellow wasp (shapeshifter) (D:26)
  47 orc warriors
  9 porcupines
  2 sky beasts
  2 phantoms
  29 centaurs
  A boring beetle (shapeshifter) (Vaults:4)
  14 crocodiles
  A giant goldfish (Lair:5)
  A rotting devil (Zot:5)
  A warg (shapeshifter) (Vaults:3)
  3 boring beetles
  6 human zombies (D:15)
  10 wargs
  13 giant slugs
  A brain worm (D:19)
  2 giant slug zombies
  12 giant frogs
  A manticore zombie (D:6)
  A yaktaur skeleton (D:19)
  4 big kobolds
  12 humans (D:15)
  5 water moccasins
  8 agate snails
  A human skeleton (D:5)
  2 insubstantial wisps (D:22)
  A cyclops zombie (D:15)
  2 cyclops skeletons (D:12)
  A boulder beetle zombie (D:18)
  A manticore skeleton (D:11)
  2 eyes of draining
  14 killer bees
  A troll zombie (D:12)
  2 jellies
  10 wights
  5 electric eels
  A yak skeleton (D:12)
  A troll skeleton (D:12)
  15 crimson imps
  2 quasits
  4 goliath beetles
  8 big fish
  27 orc priests
  A water moccasin zombie (D:8)
  10 hounds
  22 spiders
  A soldier ant zombie (D:12)
  A giant frog skeleton (D:9)
  6 iguanas
  33 orc wizards
  A centaur skeleton (D:10)
  52 sheep
  A yaktaur simulacrum (D:17)
  25 worker ants
  12 scorpions
  A shapeshifter simulacrum (D:16)
  Ijyb (D:2)
  A big kobold zombie (D:8)
  A mottled dragon skeleton (D:12)
  A big kobold skeleton (D:10)
  A mummy (Volcano)
  A hound skeleton (D:6)
  4 gnolls (D:9)
  7 giant centipedes
  20 green rats
  27 adders
  A giant mite (shapeshifter) (D:22)
  6 giant mites
  4 white imps
  An ufetubus (D:19)
  4 worms
  A giant centipede zombie (D:7)
  An adder skeleton (D:5)
  3 grey rats
  6 giant eyeballs
  7 giant geckos
  2 oozes
  185 orcs
  18 bats
  2 bat skeletons (D:4)
  4 giant cockroaches
  21 hobgoblins
  18 jackals
  6 quokkas
  4 ball pythons
  3 giant newts
  4 giant spores
  A gnoll skeleton (D:6)
  21 goblins
  A hobgoblin zombie (D:6)
  3 illusory rakshasas (D:22)
  A jackal zombie (D:5)
  33 kobolds
  An orc skeleton (D:7)
  An orc zombie (D:8)
  A quokka skeleton (D:4)
  26 rats
  5 ballistomycetes
  2 crawling corpses (Elf:3)
  4 fungi
  2 tentacles (Shoals:4)
2943 creatures vanquished.

Vanquished Creatures (collateral kills)
  An orc warlord (Orc:4)
  A deep elf annihilator (Vaults:4)
  A deep elf death mage (Elf:3)
  A death yak (Lair:8)
  A sphinx zombie (D:21)
  2 wolf spiders (Spider:5)
  A spiny frog (Lair:7)
  An orb spider (Spider:5)
  A troll (Orc:3)
  3 trapdoor spiders (Spider:5)
  4 yaks
  A tarantella (Spider:5)
  A deep elf fighter (D:8)
  A hungry ghost (D:8)
  A soldier ant (Lair:2)
  A porcupine (Lair:2)
  A manticore (D:8)
  A black bear (Lair:2)
  A phantom (D:8)
  A hell hound (Vaults:2)
  A necrophage (D:8)
  An orc warrior (D:8)
  A yellow wasp (D:10)
  A crocodile (D:5)
  A lost soul (Elf:3)
  A warg (Orc:4)
  A big kobold (D:8)
  A gnoll sergeant (D:9)
  A hippogriff zombie (D:5)
  3 killer bees (Orc:2)
  A goliath beetle (D:7)
  2 crimson imps
  2 hounds
  Crazy Yiuf (D:2)
  4 orc wizards
  A worker ant (Lair:2)
  A mummy (Volcano)
  Terence (D:2)
  2 adders
  A gnoll (D:9)
  13 green rats
  An adder zombie (D:5)
  19 orcs
  4 bats
  2 giant cockroaches
  A hobgoblin (Orc:2)
  A quokka (D:10)
  4 jackals
  A jackal skeleton (D:5)
  4 kobolds
  5 rats
109 creatures vanquished.

Vanquished Creatures (others)
  A lich (D:26)
  A tengu reaver (D:23)
  A purple draconian (Zot:2)
  A lorocyproca (Zot:5)
  A death yak (Lair:8)
  2 water elementals
  A chaos spawn (D:21)
  A vampire mosquito (Spider:5)
  A soldier ant (Lair:2)
  4 yellow wasps
  3 killer bees
  5 crimson imps
  A spider (Orc:4)
  An iron imp (Orc:2)
  2 scorpions
  4 worker ants
  5 shadow imps
  12 white imps
  A worm (Lair:8)
  4 giant spores (D:12)
  A butterfly (Lair:8)
  6 fungi
  3 plants
  3 tentacles (Shoals:4)
  4 tentacle segments (Shoals:4)
69 creatures vanquished.

Grand Total: 3121 creatures vanquished

Notes
Turn   | Place    | Note
--------------------------------------------------------------
     0 | D:1      | MackTheKnife, the Naga Wizard, began the quest for the Orb.
     0 | D:1      | Reached XP level 1. HP: 13/13 MP: 5/5
   594 | D:1      | Reached XP level 2. HP: 1/20 MP: 4/7
   964 | D:1      | Learned a level 2 spell: Call Imp
  1816 | D:2      | Reached XP level 3. HP: 23/26 MP: 1/9
  1893 | D:2      | Learned a level 3 spell: Mephitic Cloud
  2376 | D:2      | Reached XP level 4. HP: 30/33 MP: 11/11
  2423 | D:2      | Noticed Terence
  2452 | D:2      | Killed Terence
  2686 | D:2      | Noticed Ijyb
  2695 | D:2      | Killed Ijyb
  2754 | D:2      | Learned a level 3 spell: Conjure Flame
  2800 | D:2      | Noticed Crazy Yiuf
  2811 | D:2      | Killed Crazy Yiuf
  2811 | D:2      | Reached XP level 5. HP: 35/39 MP: 7/13
  3163 | D:3      | Noticed a hill giant zombie
  3955 | D:3      | Reached skill level 4 in Spellcasting
  4028 | D:4      | Paralysed by a giant eyeball for 2 turns
  4044 | D:4      | Paralysed by a giant eyeball for 3 turns
  4064 | D:4      | Noticed Eustachio
  4093 | D:4      | Noticed pictorio's ghost (average TrMo)
  4164 | D:4      | Noticed Duvessa
  4164 | D:4      | Noticed Dowan
  4172 | D:3      | Reached XP level 6. HP: 27/46 MP: 13/16
  4629 | D:5      | Entered Level 5 of the Dungeon
  4687 | D:5      | Learned a level 2 spell: Blink
  4785 | D:5      | Found a glowing drain.
  4841 | D:5      | Found Kaceoh's Assorted Antiques.
  4876 | D:5      | Bought a scroll labeled OMOTAG ELUJI for 23 gold pieces
  4876 | D:5      | Bought a scroll labeled NOPOLE TRIRO for 23 gold pieces
  4876 | D:5      | Bought a scroll labeled OMOTAG ELUJI for 23 gold pieces
  4876 | D:5      | Bought a scroll labeled SECHIX CLITZE for 23 gold pieces
  4941 | Sewer    | Entered a sewer
  5192 | Sewer    | Found a glowing silver altar of Zin.
  5474 | D:5      | Reached XP level 7. HP: 46/52 MP: 12/18
  5528 | D:5      | Found a basalt altar of Yredelemnul.
  5541 | D:5      | Reached skill level 5 in Spellcasting
  5718 | D:5      | Reached skill level 5 in Conjurations
  6064 | D:6      | Found a glowing golden altar of the Shining One.
  6066 | D:6      | Found a white marble altar of Elyvilon.
  6262 | D:6      | Reached skill level 6 in Conjurations
  6262 | D:6      | Reached XP level 8. HP: 60/60 MP: 15/21
  6301 | D:6      | Found a radiant altar of Vehumet.
  6313 | D:6      | Became a worshipper of Vehumet
  6649 | D:6      | Found a staircase to the Orcish Mines.
  6702 | D:6      | Found a staircase to the Ecumenical Temple.
  6708 | Temple   | Entered the Ecumenical Temple
  7252 | D:7      | Reached skill level 1 in Poison Magic
  7355 | D:7      | Paralysed by a giant eyeball for 3 turns
  7368 | D:7      | Reached skill level 7 in Conjurations
  7604 | D:7      | Paralysed by a giant eyeball for 2 turns
  8098 | D:8      | Reached XP level 9. HP: 60/66 MP: 20/23
  8178 | D:8      | Reached skill level 8 in Conjurations
  8318 | D:8      | Acquired Vehumet's first power
  8318 | D:8      | Offered knowledge of Sandblast by Vehumet.
  8434 | D:8      | Found a staircase to the Lair.
  8603 | D:8      | Reached skill level 9 in Conjurations
  9327 | D:8      | Found Deomuary's Book Emporium.
  9708 | D:9      | Reached skill level 10 in Conjurations
  9749 | D:9      | Reached XP level 10. HP: 43/73 MP: 4/25
 10029 | D:9      | Offered knowledge of Freeze by Vehumet.
 10313 | D:9      | Found Neicsos' Antique Weapon Shop.
 10406 | D:10     | Entered Level 10 of the Dungeon
 10448 | D:10     | Identified a scroll of acquirement
 10763 | D:10     | Noticed Harold
 10802 | D:10     | Killed Harold
 10802 | D:10     | Reached skill level 11 in Conjurations
 11226 | D:10     | Noticed a hill giant
 11327 | D:10     | Found a white marble altar of Elyvilon.
 11437 | D:10     | Killed a hill giant
 11437 | D:10     | Offered knowledge of Stone Arrow by Vehumet.
 11437 | D:10     | Reached skill level 12 in Conjurations
 11442 | D:10     | Learned a level 3 spell: Stone Arrow
 11876 | Lair:1   | Entered Level 1 of the Lair of Beasts
 12134 | Orc:1    | Entered Level 1 of the Orcish Mines
 12202 | Orc:1    | Found a roughly hewn altar of Beogh.
 12207 | Orc:1    | Reached XP level 11. HP: 77/79 MP: 16/28
 12435 | D:9      | Bought a jewelled spear for 246 gold pieces
 12436 | D:9      | Identified the +6,+2 spear of the Pure Places {venom, rElec} (You bought it in a shop on level 9 of the Dungeon)
 12814 | Orc:2    | Found Jyag's Magical Wand Emporium.
 12827 | Orc:2    | Reached skill level 1 in Fighting
 13028 | Orc:2    | Acquired Vehumet's second power
 13798 | Orc:3    | Offered knowledge of Airstrike by Vehumet.
 14569 | Orc:1    | Noticed Erolcha
 14823 | Orc:1    | Acquired Vehumet's third power
 14831 | Orc:1    | Offered knowledge of Iskenderun's Battlesphere by Vehumet.
 14986 | Orc:1    | Learned a level 4 spell: Iskenderun's Battlesphere
 15120 | Orc:2    | Bought a wand of heal wounds (4) for 768 gold pieces
 15838 | Lair:1   | Reached skill level 5 in Fighting
 15931 | Lair:1   | Reached skill level 13 in Conjurations
 16019 | Lair:1   | Found a glowing silver altar of Zin.
 16032 | Lair:1   | Learned a level 7 spell: Orb of Destruction
 16094 | Lair:2   | Found a labyrinth entrance.
 16104 | Lab      | Entered a labyrinth
 17806 | Lab      | Noticed a minotaur
 17813 | Lab      | Killed a minotaur
 17937 | Lab      | Identified Wushraics' Incunabulum of Venom
 17991 | Lair:2   | Identified a +7 rod of the swarm (11/11) (You found it in a labyrinth)
 17992 | Lair:2   | Identified a +2 rod of fiery destruction (11/11) (You found it in a labyrinth)
 18303 | Lair:2   | Reached XP level 12. HP: 83/99 MP: 9/29
 19342 | Lair:3   | Noticed a six-headed hydra
 19355 | Lair:3   | Killed a six-headed hydra
 19629 | Lair:3   | Noticed a five-headed hydra
 20002 | Lair:3   | Offered knowledge of Bolt of Draining by Vehumet.
 20577 | Lair:3   | Killed a five-headed hydra
 20577 | Lair:3   | Reached skill level 10 in Fighting
 20577 | Lair:3   | Reached skill level 14 in Conjurations
 20818 | Lair:4   | Found a hole to the Spider Nest.
 21089 | Lair:4   | Noticed Rupert
 21219 | Lair:5   | Found a staircase to the Shoals.
 21436 | Lair:5   | Reached skill level 10 in Spellcasting
 21436 | Lair:5   | Reached XP level 13. HP: 86/111 MP: 5/31
 21539 | Lair:5   | Found a dark tunnel.
 21556 | Volcano  | Entered a volcano
 21977 | Lair:5   | Noticed Erica
 21984 | Lair:5   | Killed Erica
 22157 | Lair:5   | Found a staircase to the Swamp.
 22174 | Lair:5   | the staircase to the Swamp was a mimic.
 22829 | Lair:6   | Reached skill level 15 in Conjurations
 25178 | Lair:8   | Entered Level 8 of the Lair of Beasts
 25192 | Lair:8   | Offered knowledge of Force Lance by Vehumet.
 26081 | Lair:8   | Found a staircase to the Slime Pits.
 26451 | Lair:8   | Reached skill level 16 in Conjurations
 26451 | Lair:8   | Reached XP level 14. HP: 98/120 MP: 1/33
 28717 | Lair:2   | Learned a level 2 spell: Swiftness
 28720 | Lair:2   | Learned a level 2 spell: Repel Missiles
 28727 | Lair:2   | Learned a level 6 spell: Bolt of Fire
 28927 | Orc:4    | Entered Level 4 of the Orcish Mines
 28927 | Orc:4    | Found a staircase to the Elven Halls.
 29099 | Orc:4    | Found Loupsycu's Antique Weapon Boutique.
 29101 | Orc:4    | Noticed Sonja
 29102 | Orc:4    | Killed Sonja
 29622 | Orc:4    | Offered knowledge of Lee's Rapid Deconstruction by Vehumet.
 29980 | Orc:4    | Found Plankef's Jewellery Boutique.
 29999 | Orc:4    | Found Smoi's General Store.
 30531 | Orc:4    | Reached skill level 17 in Conjurations
 30532 | Orc:4    | Noticed an orc warlord
 30744 | Orc:4    | Killed an orc warlord
 31530 | Orc:4    | Found Feozil's Antique Armour Shop.
 31538 | Orc:4    | Bought a twisted leather armour for 161 gold pieces
 31546 | Orc:4    | Identified the cursed -1 leather armour "Huiwn" {Str+3 Int+4} (You bought it in a shop on level 4 of the Orcish Mines)
 31693 | Orc:4    | Bought an uncursed ring of magical power for 280 gold pieces
 32590 | D:11     | Found Trysta's Magic Scroll Shop.
 32636 | D:11     | Noticed Urug
 32642 | D:11     | Killed Urug
 32716 | D:11     | Found an iron altar of Okawaru.
 33214 | D:12     | Noticed Grum
 33217 | D:12     | Killed Grum
 33238 | D:12     | Reached XP level 15. HP: 92/127 MP: 35/35
 33489 | D:12     | Noticed Josephine
 33491 | D:12     | Killed Josephine
 34145 | D:12     | Noticed Joseph
 34148 | D:12     | Killed Joseph
 34148 | D:12     | Reached skill level 5 in Dodging
 34510 | D:12     | Identified a +1 rod of fiery destruction (13/13) (You found it on level 12 of the Dungeon)
 34908 | D:13     | Found a sparkling altar of Nemelex Xobeh.
 35451 | D:14     | Entered Level 14 of the Dungeon
 35644 | D:14     | Reached skill level 1 in Fire Magic
 35700 | D:14     | Offered knowledge of Freezing Cloud by Vehumet.
 36531 | D:14     | Learned a level 5 spell: Fireball
 36534 | D:15     | Entered Level 15 of the Dungeon
 36553 | D:15     | Reached skill level 5 in Fire Magic
 37095 | D:15     | Found a staircase to the Vaults.
 37111 | D:15     | the staircase to the Vaults was a mimic.
 37416 | D:15     | Learned a level 7 spell: Delayed Fireball
 37489 | D:15     | Found Nuqotz's Serpentskin Sales.
 37665 | D:15     | Offered knowledge of Conjure Ball Lightning by Vehumet.
 38213 | D:16     | Noticed Aizul
 38218 | D:16     | Killed Aizul
 38472 | D:17     | Reached XP level 16. HP: 126/136 MP: 26/36
 38764 | D:17     | Reached skill level 10 in Fire Magic
 38808 | D:17     | Found a staircase to the Vaults.
 40952 | D:8      | Bought a book of Wizardry for 390 gold pieces
 41285 | D:18     | Reached skill level 1 in Charms
 41414 | D:18     | Offered knowledge of Poison Arrow by Vehumet.
 42844 | D:18     | Reached skill level 5 in Charms
 43647 | D:19     | Offered knowledge of Ozocubu's Refrigeration by Vehumet.
 43758 | D:19     | Noticed Jorgrun
 43765 | D:19     | Killed Jorgrun
 43921 | D:19     | Found a blossoming altar of Fedhas.
 43936 | D:19     | Reached XP level 17. HP: 95/144 MP: 37/37
 44632 | D:20     | Entered Level 20 of the Dungeon
 44859 | D:20     | Learned a level 6 spell: Haste
 46672 | Shoals:1 | Entered Level 1 of the Shoals
 46700 | Shoals:1 | Reached skill level 10 in Charms
 47130 | Shoals:2 | Offered knowledge of Lehudib's Crystal Spear by Vehumet.
 47130 | Shoals:2 | Offered knowledge of Shatter by Vehumet.
 47130 | Shoals:2 | Offered knowledge of Tornado by Vehumet.
 48673 | Shoals:3 | Noticed Mara
 48677 | Shoals:3 | Noticed MackTheKnife's illusion
 48862 | Spider:1 | Entered Level 1 of the Spider Nest
 49396 | Spider:1 | Noticed Fannar
 49398 | Spider:1 | Killed Fannar
 49850 | Spider:2 | Reached XP level 18. HP: 152/152 MP: 36/38
 51304 | Spider:3 | Noticed Arachne
 51319 | Spider:3 | Killed Arachne
 51336 | Spider:3 | Reached skill level 15 in Spellcasting
 51739 | Spider:4 | Reached skill level 18 in Conjurations
 51847 | Spider:4 | Noticed Snorg
 51867 | Spider:4 | Killed Snorg
 52151 | Spider:4 | Found a roughly hewn altar of Beogh.
 52359 | Spider:5 | Entered Level 5 of the Spider Nest
 52373 | Spider:5 | Noticed Boris
 52984 | Spider:5 | Killed Boris
 54049 | Spider:5 | Noticed Jory
 54050 | Spider:5 | Noticed Agnes
 55371 | Spider:5 | Reached skill level 10 in Dodging
 55764 | Spider:5 | Reached XP level 19. HP: 115/159 MP: 35/39
 55942 | Spider:5 | Got a gossamer rune of Zot
 55964 | Spider:5 | Noticed Xtahua
 56926 | Shoals:4 | Noticed Norris
 56933 | Shoals:4 | Killed Norris
 57498 | Shoals:4 | Found Phiat's Magical Wand Emporium.
 57505 | Shoals:4 | Noticed Louise
 57513 | Shoals:4 | Killed Louise
 57776 | Shoals:5 | Entered Level 5 of the Shoals
 57900 | Shoals:5 | Noticed Polyphemus
 57901 | Shoals:5 | Noticed Ilsuiw
 58487 | Vaults:1 | Entered Level 1 of the Vaults
 60220 | Vaults:1 | Reached skill level 19 in Conjurations
 60986 | Vaults:1 | Reached XP level 20. HP: 158/167 MP: 16/40
 62060 | Elf:1    | Entered Level 1 of the Elven Halls
 63161 | Elf:1    | Reached skill level 20 in Conjurations
 63469 | Elf:2    | Noticed Wiglaf
 63471 | Elf:2    | Killed Wiglaf
 64080 | Elf:2    | Noticed Donald
 64082 | Elf:2    | Killed Donald
 64489 | Elf:3    | Entered Level 3 of the Elven Halls
 65570 | Elf:3    | Reached skill level 21 in Conjurations
 66494 | Elf:3    | Identified Sif Muna's Disquisition on the Lethal Volcanoes
 66499 | Elf:3    | Got a fine pewter ring
 66568 | Elf:3    | Got a sparkling golden ring
 66570 | Elf:3    | Got a scintillating granite ring
 66595 | Elf:3    | Identified the Volume of Elitism
 66614 | Elf:3    | Identified the ring of Dim Light {Str+3 Int-1 SInv} (You found it on level 3 of the Elven Halls)
 66616 | Elf:3    | Identified the ring "Ubohos" {rC+ Str-2 Int+4} (You found it on level 3 of the Elven Halls)
 67195 | Orc:4    | Bought the +3,+1 Elemental Staff {protect, Hunger Noisy rF++ rC++ MR++} for 1006 gold pieces
 67195 | Orc:4    | Bought a scroll of identify for 26 gold pieces
 67195 | Orc:4    | Bought a scroll of identify for 26 gold pieces
 67195 | Orc:4    | Bought a scroll of enchant armour for 71 gold pieces
 67195 | Orc:4    | Bought a meat ration for 52 gold pieces
 67543 | Lair:2   | Identified the ring of Bodily Harmony {rElec rN+ Dex+2 Dam+7} (You found it on level 3 of the Elven Halls)
 68277 | D:21     | Reached XP level 21. HP: 159/174 MP: 10/40
 68626 | D:21     | Found a gateway to Hell.
 69250 | D:21     | Found a one-way gate to the infinite horrors of the Abyss.
 69630 | D:22     | MackTheKnife: heyo
 69630 | D:22     | MackTheKnife: this NaWz is frustrating
 69630 | D:22     | UrQuan: hehe
 69630 | D:22     | MackTheKnife: need firestorm
 69630 | D:22     | MackTheKnife: and lichform
 69630 | D:22     | UrQuan: Try a NaAE
 69630 | D:22     | MackTheKnife: tornado?
 69686 | D:22     | UrQuan: you cant kill anyone and cant run away from anything
 69691 | D:22     | MackTheKnife: rofl
 69984 | D:22     | MackTheKnife: hungerless bolt of fire soon
 69984 | D:22     | MackTheKnife: yeees! yyyyeees!
 71953 | Shoals:5 | Got a barnacled rune of Zot
 72023 | Shoals:5 | Killed Polyphemus
 72357 | Shoals:5 | Identified the Guide on the Enthralling Mountains (You found it on level 5 of the Shoals)
 73609 | Vaults:2 | Noticed Roxanne
 73639 | Vaults:2 | Reached skill level 1 in Shields
 73964 | Vaults:2 | Noticed Boris
 73968 | Vaults:2 | Killed Boris
 74353 | Vaults:2 | Got a jewelled chain mail
 74441 | Vaults:2 | Identified the +6 chain mail "Huimper" {Str+5 Dex+1 Int+3} (You found it on level 2 of the Vaults)
 74502 | Vaults:2 | Noticed Saint Roka
 74511 | Vaults:2 | Killed Saint Roka
 74511 | Vaults:2 | Reached XP level 22. HP: 120/189 MP: 6/42
 74869 | Vaults:2 | Reached skill level 5 in Shields
 75321 | Lair:2   | Learned a level 5 spell: Bolt of Magma
 75326 | Lair:2   | Learned a level 4 spell: Control Teleport
 75731 | Vaults:2 | Noticed Azrael
 76042 | Vaults:2 | Killed Azrael
 76194 | Vaults:3 | Found a staircase to the Crypt.
 76735 | Vaults:3 | Reached skill level 22 in Conjurations
 76821 | Vaults:3 | Reached skill level 1 in Earth Magic
 76883 | Vaults:3 | Learned a level 8 spell: Lehudib's Crystal Spear
 77622 | Vaults:3 | Reached skill level 5 in Earth Magic
 79406 | Vaults:4 | Found a staircase to the Hall of Blades.
 79768 | Vaults:4 | Noticed Boris
 79773 | Vaults:4 | Killed Boris
 79773 | Vaults:4 | Reached skill level 10 in Earth Magic
 80941 | D:22     | Reached XP level 23. HP: 158/196 MP: 43/43
 81072 | D:23     | Found a one-way gate leading to the halls of Pandemonium.
 81083 | D:23     | Noticed Frederick
 81663 | D:23     | Noticed Sojobo
 81667 | D:23     | Killed Sojobo
 84394 | D:24     | Killed Frederick
 84800 | D:25     | Entered Level 25 of the Dungeon
 84815 | D:25     | Got a wavering golden ring
 84816 | D:25     | Identified the ring of Qiruer {rC+ Str+4 Acc+4} (You found it on level 25 of the Dungeon)
 85135 | D:25     | Found Chucs' Antique Weapon Shop.
 85146 | D:25     | Bought an encrusted falchion for 248 gold pieces
 85146 | D:25     | Bought a brightly glowing bardiche for 434 gold pieces
 85147 | D:25     | Identified the cursed falchion "Smoqisso" {venom, *Tele rN+ Int-4 SInv} (You bought it in a shop on level 25 of the Dungeon)
 85154 | D:25     | Identified the bardiche of Moderation {venom, -Cast rElec rN+} (You bought it in a shop on level 25 of the Dungeon)
 85911 | D:26     | Found a snail-covered altar of Cheibriados.
 86288 | D:26     | Reached skill level 15 in Earth Magic
 86385 | D:25     | Gained mutation: You have a fast metabolism. [mutagenic glow]
 86987 | D:26     | Reached XP level 24. HP: 189/206 MP: 34/43
 89237 | D:27     | Entered Level 27 of the Dungeon
 89526 | D:27     | Reached skill level 15 in Fighting
 92669 | D:12     | MackTheKnife: yo
 93020 | Vaults:5 | Entered Level 5 of the Vaults
 93101 | Vaults:5 | Reached XP level 25. HP: 226/226 MP: 28/44
 95018 | Vaults:5 | Got a pitted morningstar
 95020 | Vaults:5 | Identified the cursed +2,+1 morningstar "Dragonbane" {crush, +Inv +Fly rPois Stlth} (You took it off an ogre mage on level 5 of the Vaults)
 95440 | Vaults:5 | Got a steaming platinum ring
 95819 | Vaults:5 | Identified the ring of Conformity {Hunger Str+4 Acc-1} (You took it off a vault guard on level 5 of the Vaults)
 96147 | Vaults:5 | Got a fine wooden ring
 96368 | Vaults:5 | Identified Weyn's Tome of Destructive Air
 96476 | Vaults:5 | Got a shimmering zirconium amulet
 96478 | Vaults:5 | Identified the ring of Yendor {Dex+2 Dam+1 SInv} (You took it off an ironheart preserver on level 5 of the Vaults)
 96480 | Vaults:5 | Identified the amulet "Tuh Frev" {Spirit Acc+4} (You found it on level 5 of the Vaults)
 96772 | Vaults:5 | Reached skill level 23 in Conjurations
 97170 | Vaults:5 | Got a silver rune of Zot
 98238 | D:26     | MackTheKnife: ZOTTTT
 98319 | Zot:1    | Entered Level 1 of the Realm of Zot
 98324 | Zot:1    | Reached XP level 26. HP: 236/236 MP: 16/44
 98960 | Zot:2    | Reached skill level 15 in Fire Magic
102302 | Zot:2    | MackTheKnife: Zot utan cloak of preservation
102302 | Zot:2    | MackTheKnife: är så lol
102302 | Zot:2    | MackTheKnife: inga scrolls kvar
102302 | Zot:2    | MackTheKnife: -_-
102935 | Zot:4    | Noticed an orb of fire
102951 | Zot:4    | Gained mutation: You are clumsy. (Dex -2) [an orb of fire]
102954 | Zot:4    | Killed an orb of fire
103358 | Zot:4    | MackTheKnife: Ha mjo
103375 | Zot:4    | Reached XP level 27. HP: 213/242 MP: 39/45
103391 | Zot:4    | Reached skill level 24 in Conjurations
103772 | Zot:4    | Learned a level 9 spell: Shatter
104955 | Zot:5    | Entered Level 5 of the Realm of Zot
105351 | Zot:5    | Noticed an ancient lich
105356 | Zot:5    | Killed an ancient lich
105414 | Zot:5    | Noticed an ancient lich
105649 | Zot:5    | Noticed an ancient lich
105653 | Zot:5    | Killed an ancient lich
105893 | Zot:5    | Noticed an ancient lich
105897 | Zot:5    | Killed an ancient lich
106425 | Zot:5    | Noticed an ancient lich
106431 | Zot:5    | Killed an ancient lich
106889 | Zot:5    | MackTheKnife: Shatter
106889 | Zot:5    | MackTheKnife: råkade casta
106889 | Zot:5    | MackTheKnife: c
106889 | Zot:5    | MackTheKnife: väckte typ hela orb chambern
106889 | Zot:5    | MackTheKnife: .....
106889 | Zot:5    | MackTheKnife: inte meningen
107062 | Zot:5    | Killed an ancient lich
107109 | Zot:5    | MackTheKnife: kolla resistsen på den här rackarn
107109 | Zot:5    | MackTheKnife: tyvärr för den en jäkla massa väsen
107119 | Zot:5    | MackTheKnife: undrar om detta går.....
107300 | Zot:5    | Noticed an ancient lich
107303 | Zot:5    | Killed an ancient lich
107787 | Zot:5    | Noticed an ancient lich
107793 | Zot:5    | Killed an ancient lich
107905 | Zot:5    | Noticed an orb of fire
107905 | Zot:5    | Gained mutation: You tend to lose your temper in combat. [an orb of fire]
107912 | Zot:5    | Killed an orb of fire
108292 | Zot:5    | Noticed an orb of fire
108296 | Zot:5    | Killed an orb of fire
108706 | Zot:4    | Identified a +0 cloak of preservation (You took it off a draconian zealot on level 5 of the Realm of Zot)
108965 | Zot:4    | MackTheKnife: DÄR fick jag gamets första preservation cloak
108965 | Zot:4    | MackTheKnife: bara nere till 21 AC av corrosion
108965 | Zot:4    | MackTheKnife: np np
109864 | Zot:5    | Noticed an ancient lich
110118 | Zot:5    | Noticed an ancient lich
110123 | Zot:5    | Killed an ancient lich
110226 | Zot:5    | MackTheKnife: DET
110226 | Zot:5    | MackTheKnife: ÄR DAGS
110262 | Zot:5    | Got the Orb of Zot
110338 | Zot:5    | Lost mutation: You have a fast metabolism. [potion of cure mutation]
110338 | Zot:5    | Lost mutation: You tend to lose your temper in combat. [potion of cure mutation]
110338 | Zot:5    | Lost mutation: You are clumsy. (Dex -2) [potion of cure mutation]
110443 | D:27     | Noticed Reatafee the pandemonium lord
110448 | D:27     | Killed Reatafee the pandemonium lord
110449 | D:27     | Reached skill level 25 in Earth Magic
110467 | D:26     | HP: 8/242 [deep troll earth mage (22)]
110469 | D:26     | Slain by a large abomination

Action                   |  1- 3 |  4- 6 |  7- 9 | 10-12 | 13-15 | 16-18 | 19-21 | 22-24 | 25-27 || total
-------------------------+-------+-------+-------+-------+-------+-------+-------+-------+-------++-------
Melee: Spear             |    14 |       |       |   330 |   594 |   410 |   122 |       |       ||  1470
       Unarmed           |     4 |       |       |       |       |       |       |       |       ||     4
       Dagger            |    53 |     9 |       |       |       |       |       |       |       ||    62
       Short sword       |     1 |       |       |       |       |       |       |       |       ||     1
       Trident           |       |     4 |       |       |       |       |       |       |       ||     4
       Quarterstaff      |       |   118 |   237 |    93 |       |       |       |       |     1 ||   449
       Staff             |       |       |       |       |   134 |   156 |    83 |    87 |   192 ||   652
 Cast: Magic Dart        |    27 |   106 |   209 |   357 |   508 |    32 |       |       |       ||  1239
       Call Imp          |     3 |    18 |    43 |    48 |     3 |       |       |       |       ||   115
       Mephitic Cloud    |       |     6 |    34 |    90 |    42 |     3 |     2 |     1 |       ||   178
       Conjure Flame     |       |     2 |     5 |    14 |     4 |     2 |       |       |       ||    27
       Stone Arrow       |       |       |       |    65 |   162 |     1 |       |       |       ||   228
       Iskenderun's Batt |       |       |       |    44 |   129 |     8 |       |       |       ||   181
       Orb of Destructio |       |       |       |       |    11 |     7 |    22 |    14 |     3 ||    57
       Bolt of Fire      |       |       |       |       |   127 |   328 |   405 |   500 |   541 ||  1901
       Swiftness         |       |       |       |       |     4 |    10 |    11 |     4 |    19 ||    48
       Fireball          |       |       |       |       |    29 |   332 |   223 |   150 |     4 ||   738
       Repel Missiles    |       |       |       |       |     3 |     4 |     6 |     5 |     8 ||    26
       Delayed Fireball  |       |       |       |       |     1 |     1 |     1 |     2 |       ||     5
       Haste             |       |       |       |       |       |     8 |    10 |    14 |    19 ||    51
       Bolt of Magma     |       |       |       |       |       |       |       |    73 |    59 ||   132
       Lehudib's Crystal |       |       |       |       |       |       |       |    16 |   145 ||   161
       Shatter           |       |       |       |       |       |       |       |       |     3 ||     3
 Abil: Spit Poison       |     5 |    17 |    16 |    19 |     2 |     2 |     2 |       |       ||    63
       Evoke Flight      |       |       |       |     1 |       |       |       |       |     2 ||     3
       Evoke Teleport Co |       |       |       |       |     1 |       |       |       |       ||     1
       Release Delayed F |       |       |       |       |       |     1 |     1 |     2 |       ||     4
       Stop Flying       |       |       |       |       |       |       |       |       |     3 ||     3
Evoke: Wand              |       |       |     4 |    10 |     8 |     7 |     7 |     3 |    19 ||    58
       Rod               |       |       |       |     4 |    13 |     8 |     6 |     1 |       ||    32
       Miscellaneous     |       |       |       |       |       |       |       |     2 |     1 ||     3
  Use: Scroll            |     2 |    16 |     2 |    23 |    17 |    17 |    20 |    11 |    18 ||   126
       Potion            |       |       |     2 |       |    10 |     4 |     4 |     2 |     7 ||    29
 Stab: Sleeping          |     6 |     5 |     2 |     3 |     5 |     2 |       |       |     1 ||    24
       Confused          |       |       |     1 |     7 |     7 |     2 |       |       |       ||    17
       Paralysed         |       |       |     4 |     3 |       |       |       |       |       ||     7
       Distracted        |       |       |     1 |     5 |     2 |     1 |       |       |       ||     9
       Invisible         |       |       |       |       |       |     1 |       |       |       ||     1
